 Dungeon Crawl Stone Soup version 0.27.0-1-g7a089689b8 (webtiles) character file.

Game seed: 7441300929339143027

12299 tilp the Basher (level 11, -15/69 HPs)
             Began as a Gargoyle Earth Elementalist on Aug 6, 2021.
             Was an Elder of Vehumet.
             Demolished by a large abomination (23 damage)
             ... in a Gauntlet.
             The game lasted 00:24:20 (16144 turns).

tilp the Basher (Gargoyle Earth Elementalist)      Turns: 16144, Time: 00:24:20

Health: -15/69     AC: 16    Str: 12    XL:     11   Next: 91%
Magic:  9/26       EV: 13    Int: 19    God:    Vehumet [****..]
Gold:   702        SH:  0    Dex: 10    Spells: 8/18 levels left

rFire    + . .     SeeInvis .   a - +5 morningstar
rCold    . . .     Faith    .   (no shield)
rNeg     + . .     Spirit   .   I - +0 robe {Will+}
rPois    ∞         Reflect  .   (no helmet)
rElec    +         Harm     .   d - +2 cloak
rCorr    .         Rampage  .   (no gloves)
Will     +....     NoTele   +   m - +2 pair of boots
Stlth    +++.......             (no amulet)
HPRegen  0.21/turn              l - ring of protection from fire
MPRegen  0.20/turn              G - ring of Ymuot {rPois MP+9 Stlth+}

@: no status effects
A: sickness immunity, AC +8, negative energy resistance 1, electricity
resistance, torment resistance 1, petrification resistance
a: Renounce Religion


You were in a Gauntlet.
You worshipped Vehumet.
Vehumet was greatly pleased with you.
You visited 2 branches of the dungeon, and saw 13 of its levels.
You also visited: Ossuary and Gauntlet.

You collected 702 gold pieces.

Inventory:

Hand Weapons
 a - a +5 morningstar (weapon)
 b - a +1 morningstar
 O - a +1 demon trident of electrocution
Missiles
 c - 464 stones
 k - 11 boomerangs (quivered)
 o - 2 throwing nets
 u - 3 curare-tipped darts
 B - 10 boomerangs of dispersal
 H - 27 poisoned darts
Armour
 d - a +2 cloak (worn)
 m - a +2 pair of boots (worn)
 n - a +0 robe of cold resistance
 I - a +0 robe of willpower (worn)
 L - a +0 buckler
 N - a +0 pair of boots of flying
Magical Staves
 J - a staff of earth
Jewellery
 f - a ring of positive energy
 l - a ring of protection from fire (left hand)
 p - a +4 ring of evasion
 w - a ring of flight
 x - a ring of magical power
 A - a +6 ring of strength
 G - the ring of Ymuot (right hand) {rPois MP+9 Stlth+}
   (You found it on level 5 of the Dungeon)

   [ring of magical power]

   rPois:     It protects you from poison.
   MP:        It affects your magic capacity (+9).
   Stlth:     It makes you more stealthy.
 M - an amulet of guardian spirit
Scrolls
 e - 5 scrolls of teleportation
 g - 2 scrolls of fog
 j - 5 scrolls of amnesia
 y - 2 scrolls of identify
 C - 2 scrolls of magic mapping
 D - a scroll of enchant weapon
Potions
 h - 7 potions of haste
 i - a potion of ambrosia
 q - 5 potions of heal wounds
 r - a potion of berserk rage
 s - 4 potions of curing
 t - 3 potions of brilliance
 v - 3 potions of flight
 z - 2 potions of mutation
 E - a potion of magic
 F - 2 potions of lignification
Miscellaneous
 K - a phantom mirror (inert)


   Skills:
 + Level 8.9 Fighting
 * Level 11.1 Maces & Flails
 + Level 4.9 Dodging
 - Level 4.0 Stealth
 * Level 2.5 Shields
 - Level 4.0 Spellcasting
 - Level 6.0 Conjurations
 - Level 2.0 Transmutations
 - Level 10.0 Earth Magic


You had 8 spell levels left.
You knew the following spells:

 Your Spells              Type           Power      Damage    Failure   Level
a - Sandblast             Erth           82%        2d17      1%          1
b - Passwall              Tmut/Erth      21%        N/A       1%          2
c - Stone Arrow           Conj/Erth      68%        3d11      1%          3
d - Petrify               Tmut/Erth      26%        N/A       12%         4

Your spell library contained the following spells:

 Spells                   Type           Power      Damage    Failure   Level
 Olgreb's Toxic Radiance  Pois           3%         N/A       32%         4
 Dazzling Flash           Conj/Hex       30%        N/A       3%          3
 Fulminant Prism          Conj/Hex       7%         3d7       11%         4
 Iskenderun's Mystic Bla  Conj/Tloc      15%        2d5       11%         4
 Animate Skeleton         Necr           6%         N/A       14%         1
 Corona                   Hex            3%         N/A       14%         1
 Pain                     Necr           12%        1d4       14%         1
 Animate Armour           Summ/Erth      44%        N/A       17%         4
 Ensorcelled Hibernation  Hex/Ice        6%         N/A       21%         2
 Tukima's Dance           Hex            3%         N/A       38%         3
 Vampiric Draining        Necr           1%         2d6       38%         3
 Freezing Cloud           Conj/Ice/Air   5%         6-21      38%         5
 Yara's Violent Unravell  Hex/Tmut       3%         3d4       50%         5
 Starburst                Conj/Fire      7%         8x6d4     80%         6
 Lehudib's Crystal Spear  Conj/Erth      17%        10d5      99%         8
 Simulacrum               Ice/Necr       1%         N/A       100%        6
 Polar Vortex             Ice            1%         N/A       100%        9


Dungeon Overview and Level Annotations

Branches:
Dungeon (12/15)            Temple (1/1) D:6            Lair (0/6) D:9
Ossuary (visited)         Gauntlet (1/1)
    Orc: D:9-12

Altars:
Ashenzari
Cheibriados
Dithmenos
Elyvilon
Fedhas
Gozag
Hepliaklqana
Kikubaaqudgha
Makhleb
Nemelex Xobeh
Okawaru
Qazlal
Ru
Sif Muna
Trog
Uskayaw
Vehumet
Wu Jian
Xom
Yredelemnul
Zin
The Shining One

Shops:
D:9 *

Annotations:
D:7 1 runed translucent door, inmateoo's ghost, novice OpCj
D:9 Harold
D:11 exclusion: boulder beetle Gauntlet 13 transporters


Innate Abilities, Weirdness & Mutations

You are immune to sickness and miasma.
Your stone body is resilient. (AC +8)
You are immune to poison.
You resist negative energy. (rN+)
You are resistant to electric shocks. (rElec)
You are resistant to unholy torment.
You are immune to petrification.


Message History

The small abomination is moderately damaged.
The small abomination hits you but does no damage. x3
Unknown command.
Casting: Stone Arrow (safe; 1% risk of failure)
Confirm with . or Enter, or press ? or * to list all spells.
Aiming: Stone Arrow (safe; 1% risk of failure)
Press: ? - help, Shift-Dir - straight line, f/p - small abomination
Aim: a small abomination (moderately damaged, 81% to hit)
The stone arrow hits the small abomination!!
You destroy the small abomination!
Vehumet accepts your kill.
Vehumet is now extending the range of your destructive spells.
The small abomination hits you but does no damage.
The small abomination closely misses you.
You impale the small abomination!!
The small abomination is severely damaged.
The small abomination hits you but does no damage.
You sock the small abomination!
The small abomination is almost destroyed.
The small abomination hits you.
You puncture the small abomination!
You destroy the small abomination!
Vehumet accepts your kill.
You feel your power returning.
Aiming: Phantom Mirror
Press: ? - help, Dir - move target, f - large abomination
Aim: a large abomination You reflect the large abomination with the mirror!
The mirror clouds!
The large abomination hits you!!
* * * LOW HITPOINT WARNING * * *
Your large abomination hits the small abomination.
Casting: Stone Arrow (safe; 1% risk of failure)
Confirm with . or Enter, or press ? or * to list all spells.
Aiming: Stone Arrow (safe; 1% risk of failure)
Press: ? - help, Shift-Dir - straight line, f/p - large abomination
Aim: a large abomination (91% to hit)
The stone arrow hits the large abomination!!
The large abomination is heavily damaged.
The large abomination hits you!!
You die...

#################################
................................≈
.................................
########.###########.###########.
[?©[...#.#X.=.©([..#.##.#X©$?.##.
#...#..#.#.##...##.#.###x#X##..#.
######.#.#.#.###.#.#.##..####.##.
.#.#..##.#..##.##..#.##.####...#.
..©....#.#....xX@..#.#.##.###.##.
.#.#..##.#..##X##..#.#.#..#..©.#.
#...##.#.#.#.###.#.#.#..##..#.##.
#...#h.#.#.##...##.#.####.#..#.#.
.#.#..R#.#.........#.##X.##.#..#.
################################.
§#©...........©...........©#.....
##############.#############....≈
......©#≈≈8≈≈#.#..............###


You could see a thrashing horror, a large abomination, a small abomination (ally
target) and a friendly large abomination (summoned, drained).

Vanquished Creatures
  A hydra (D:9)
  2 two-headed ogres (D:9)
  An ugly thing (D:11)
  A manticore (D:7)
  A gargoyle (D:10)
  A smoke demon (Gauntlet)
  A komodo dragon (D:9)
  2 kobold demonologists
  A red devil (Gauntlet)
  2 trolls
  A hornet (D:9)
  Sigmund (D:5)
  2 wraiths
  A shadow (D:9)
  A wyvern (D:8)
  2 large abominations (Gauntlet)
  10 yaks
  2 steam dragons
  An acid dragon (D:12)
  A water moccasin (D:9)
  Purgy (D:4)
  4 orc warriors
  A black bear (D:8)
  An ice beast (D:5)
  2 ogres
  A necrophage (D:6)
  A sky beast (D:3)
  5 centaurs
  2 phantoms
  5 kobold brigands
  An elf zombie (Ossuary)
  A bullfrog (D:8)
  A wyvern zombie (D:9)
  A scorpion (D:4)
  3 water moccasin zombies
  4 small abominations (Gauntlet)
  A killer bee (D:9)
  4 wights (D:9)
  2 howler monkeys (D:9)
  2 bullfrog zombies (D:5)
  A centaur zombie (D:9)
  2 crimson imps (Gauntlet)
  A hound (D:4)
  4 orc priests
  Crazy Yiuf (D:3)
  A centaur skeleton (D:5)
  3 jellies
  A gnoll shaman (D:5)
  14 orc wizards
  Ijyb (D:3)
  4 iguanas
  Natasha (D:2)
  A scorpion zombie (D:3)
  A killer bee zombie (D:9)
  A hound zombie (D:5)
  3 hound skeletons (D:5)
  4 mummies (Ossuary)
  2 howler monkey zombies (D:9)
  11 adders
  16 gnolls
  A howler monkey skeleton (D:5)
  A white imp (D:5)
  An ufetubus (D:4)
  An adder zombie (Ossuary)
  2 dart slugs
  34 orcs
  8 endoplasms
  6 giant cockroaches
  5 goblins
  9 hobgoblins
  3 jackals (D:2)
  46 kobolds
  2 quokkas
  7 ball pythons
  4 bats
  5 frilled lizards
  A goblin zombie (Ossuary)
  A hobgoblin zombie (Ossuary)
  A jackal zombie (Ossuary)
  2 orc zombies (Ossuary)
  8 rats
  A rat zombie (Ossuary)
300 creatures vanquished.

Vanquished Creatures (collateral kills)
  A gnoll zombie (Ossuary)
  A rat zombie (Ossuary)
2 creatures vanquished.

Vanquished Creatures (others)
  An elf zombie (Ossuary)
  A human zombie (Ossuary)
  16 demonic plants (Gauntlet)
  A fungus (D:3)
  33 plants (D:9)
52 creatures vanquished.

Grand Total: 354 creatures vanquished

Notes
Turn   | Place    | Note
-------+----------+-------------------------------------------
     0 | D:1      | tilp the Gargoyle Earth Elementalist began the quest for
                  | the Orb.
     0 | D:1      | Reached XP level 1. HP: 10/10 MP: 3/3
   121 | D:1      | Reached XP level 2. HP: 12/15 MP: 5/5
  1055 | D:1      | Reached XP level 3. HP: 19/19 MP: 6/6
  1058 | D:1      | Learned a level 2 spell: Passwall
  1062 | D:1      | Learned a level 3 spell: Stone Arrow
  1099 | D:1      | Reached skill level 5 in Earth Magic
  1456 | D:1      | Reached skill level 1 in Conjurations
  1725 | D:2      | Reached XP level 4. HP: 24/24 MP: 1/7
  2438 | D:2      | Found a faded altar of an unknown god.
  2677 | D:2      | Noticed Natasha
  2683 | D:2      | Killed Natasha
  2684 | D:2      | Reached XP level 5. HP: 20/28 MP: 4/8
  3507 | D:3      | Noticed a sky beast
  3511 | D:3      | Killed a sky beast
  3512 | D:3      | Reached XP level 6. HP: 33/33 MP: 2/9
  3574 | D:3      | Found a runed translucent door.
  3575 | D:3      | Noticed Crazy Yiuf
  3798 | D:3      | Reached skill level 1 in Fighting
  3798 | D:3      | Reached skill level 1 in Maces & Flails
  4040 | D:3      | Noticed Ijyb
  4056 | D:3      | Killed Ijyb
  4496 | D:4      | Found a sand-covered staircase.
  4503 | Ossuary  | Entered an ossuary
  4720 | Ossuary  | Reached skill level 2 in Maces & Flails
  4720 | Ossuary  | Reached XP level 7. HP: 40/40 MP: 3/10
  4990 | D:4      | Noticed Purgy
  5625 | D:4      | Found an iron altar of Okawaru.
  5625 | D:4      | Found a burning altar of Makhleb.
  5683 | D:4      | Found a stormy altar of Qazlal.
  5685 | D:4      | Noticed an air elemental
  5686 | D:4      | Noticed a water elemental
  5686 | D:4      | Noticed a fire elemental
  5777 | D:4      | Reached skill level 3 in Maces & Flails
  6262 | D:5      | Entered Level 5 of the Dungeon
  6288 | D:5      | Reached skill level 4 in Maces & Flails
  6332 | D:5      | Reached XP level 8. HP: 41/48 MP: 0/11
  6426 | D:5      | Reached skill level 1 in Transmutations
  6511 | D:5      | Found a bloodstained altar of Trog.
  7021 | D:5      | Noticed Sigmund
  7540 | D:6      | Found a staircase to the Ecumenical Temple.
  7679 | D:6      | Reached skill level 5 in Conjurations
  7770 | Temple   | Entered the Ecumenical Temple
  7837 | Temple   | Became a worshipper of Vehumet
  7993 | D:6      | Found a shimmering blue altar of Sif Muna.
  8198 | D:6      | Reached XP level 9. HP: 52/52 MP: 2/14
  8203 | D:6      | Learned a level 4 spell: Petrify
  8296 | D:6      | Found a sacrificial altar of Ru.
  8698 | D:7      | Noticed a manticore
  8703 | D:7      | Killed a manticore
  9077 | D:7      | Found a white marble altar of Elyvilon.
  9162 | D:7      | Found a runed translucent door.
  9162 | D:7      | Noticed inmateoo's ghost (novice OpCj)
  9312 | D:7      | Found a glowing silver altar of Zin.
  9312 | D:7      | Noticed an angel
  9322 | D:7      | Found a shimmering altar of Xom.
  9431 | D:7      | Got Qeahien's Collected Works on Hexes
  9656 | D:8      | Reached skill level 5 in Fighting
  9661 | D:8      | Reached skill level 5 in Maces & Flails
  9970 | D:8      | Found an opulent altar of Gozag.
 10331 | D:9      | Reached * piety under Vehumet
 10331 | D:9      | Offered knowledge of Shock by Vehumet.
 10332 | D:9      | Reached skill level 6 in Maces & Flails
 10332 | D:9      | Reached XP level 10. HP: 30/60 MP: 2/16
 10562 | D:9      | Found a hazy altar of Hepliaklqana.
 10607 | D:9      | Found a faded altar of an unknown god.
 10607 | D:9      | Found a faded altar of an unknown god.
 10607 | D:9      | Found a faded altar of an unknown god.
 10660 | D:8      | Reached skill level 7 in Maces & Flails
 10748 | D:9      | Noticed a five-headed hydra
 10756 | D:9      | Killed a five-headed hydra
 10757 | D:9      | Reached skill level 8 in Maces & Flails
 11561 | D:9      | Reached skill level 10 in Earth Magic
 11674 | D:9      | Noticed Harold
 11680 | D:9      | Found a glowing golden altar of the Shining One.
 12130 | D:9      | Found a staircase to the Lair.
 12154 | D:9      | Noticed a kobold demonologist
 12180 | D:9      | Killed a kobold demonologist
 12181 | D:9      | Reached skill level 9 in Maces & Flails
 12307 | D:9      | Noticed a two-headed ogre
 12315 | D:9      | Reached XP level 11. HP: 55/67 MP: 10/17
 12335 | D:9      | Killed a two-headed ogre
 12345 | D:9      | Noticed a two-headed ogre
 12428 | D:9      | Killed a two-headed ogre
 12429 | D:9      | Reached skill level 10 in Maces & Flails
 12758 | D:9      | Found Igoot's General Store.
 13186 | D:3      | Killed Crazy Yiuf
 13260 | D:4      | Killed Purgy
 13461 | D:4      | Reached ** piety under Vehumet
 13461 | D:4      | Offered knowledge of Freeze by Vehumet.
 13705 | D:4      | Offered knowledge of Conjure Flame by Vehumet.
 13971 | D:5      | Killed Sigmund
 14023 | D:5      | Reached *** piety under Vehumet
 14108 | D:5      | Identified the ring of Ymuot {rPois MP+9 Stlth+}
 14277 | D:10     | Entered Level 10 of the Dungeon
 14324 | D:10     | Offered knowledge of Olgreb's Toxic Radiance by Vehumet.
 14984 | D:10     | You fall into a shaft and drop 2 floors!
 15141 | D:11     | Noticed a boulder beetle
 15162 | D:11     | Noticed a brown ugly thing
 15208 | D:11     | Killed a brown ugly thing
 15209 | D:11     | Reached skill level 1 in Shields
 15211 | D:11     | Found a gate leading to a gauntlet.
 15255 | Gauntlet | Entered a Gauntlet
 15255 | Gauntlet | Found a transporter.
 15274 | Gauntlet | Found a transporter.
 15279 | Gauntlet | Found a transporter.
 15281 | Gauntlet | Noticed a thrashing horror
 15284 | Gauntlet | Found a transporter.
 15294 | Gauntlet | Noticed a thrashing horror
 15299 | Gauntlet | Found a transporter.
 15318 | Gauntlet | Found a transporter.
 15330 | Gauntlet | Found a transporter.
 15342 | Gauntlet | Found a transporter.
 15354 | Gauntlet | Found a transporter.
 15354 | Gauntlet | Noticed a blizzard demon
 15365 | Gauntlet | Noticed a hell beast
 15366 | Gauntlet | Found a transporter.
 15383 | Gauntlet | Found a transporter.
 15401 | Gauntlet | Found a transporter.
 15403 | Gauntlet | Found a transporter.
 15403 | Gauntlet | Noticed a soul eater
 15428 | Gauntlet | Found a transporter.
 15430 | Gauntlet | Found a transporter.
 15526 | Gauntlet | Found a transporter.
 15543 | Gauntlet | Noticed a fire crab
 15546 | Gauntlet | Found a transporter.
 15936 | Gauntlet | Found a transporter.
 16000 | Gauntlet | Reached skill level 11 in Maces & Flails
 16137 | Gauntlet | Reached **** piety under Vehumet
 16144 | Gauntlet | Demolished by a large abomination

Illustrated notes

Levels and vault maps discovered:
D:1:      mrwooster_arrival_statue_3, layout_basic
D:2:      layout_basic, shapermc_ecumenical_altar_ellora, uniq_natasha
D:3:      minmay_door_path, layout_basic, uniq_crazy_yiuf_cottage, uniq_ijyb
D:4:      minmay_goblin_kobold_castle, layout_basic,
          nicolae_qazlal_style_of_elements, gammafunk_temple_overflow_pools,
          enter_ossuary_1, uniq_purgy
D:5:      minmay_clustersquares, layout_cave_pools, amcnicky_altar_gilded,
          mrwooster_statue_mirror, uniq_sigmund
D:6:      layout_gridville, old_standard_altar, old_standard_altar,
          minmay_temple_entry_drinking_statues
D:7:      layout_loops_ring, grunt_temple_overflow_order_and_chaos_1,
          elyvilon_altar_5, hellmonk_ghost_happy_afterlife,
          grunt_decor_junction, dk_rats_in_the_wall
D:8:      layout_rooms, nicolae_gozag_seed_capital
D:9:      minmay_four_partial_circles, layout_irregular_city,
          nicolae_hepliaklqana_ecumenical_no_more, tso_metal_star,
          david_lair_shrubbed, serial_shops, shop, uniq_harold
D:10:     layout_irregular_city, david_orc_4
D:11:     layout_irregular_city, gauntlet_entry_generic
D:12:     layout_irregular_city
Temple:   eino_temple_lava
Gauntlet: gammafunk_gauntlet_one_two_three [nicolae_gauntlet_arena_grate_2,
          gammafunk_gauntlet_arena_teeth, gammafunk_gauntlet_arena_spirals,
          gammafunk_gauntlet_arena_arrow_garden, gammafunk_gauntlet_arena_grid,
          gammafunk_gauntlet_arena_split_diamond,
          gammafunk_gauntlet_arena_chambers, gammafunk_gauntlet_arena_corners,
          gammafunk_gauntlet_arena_mazey, gauntlet_exit_green]

Skill      XL: |  1  2  3  4  5  6  7  8  9 10 11 |
---------------+----------------------------------+-----
Earth Magic    | 4 5 6 7 8 10 | 10.0
Conjurations   | 1 2 4 5 6 |  6.0
Fighting       | 2 4 6 7 8 |  8.9
Maces & Flails | 2 4 6 9 11 | 11.1
Dodging        | 2 4 |  4.9
Stealth        | 3 4 |  4.0
Transmutations | 2 |  2.0
Spellcasting   | 3 4 |  4.0
Shields        | 2 |  2.5

Action                   |  1- 3 |  4- 6 |  7- 9 | 10-12 || total
-------------------------+-------+-------+-------+-------++-------
Melee: Dagger            |   131 |    23 |       |       ||   154
       Flail             |       |    63 |       |       ||    63
       Morningstar       |       |   122 |   142 |   285 ||   549
Throw: Boomerang         |       |       |    11 |    16 ||    27
 Cast: Sandblast         |    20 |    20 |    16 |       ||    56
       Stone Arrow       |       |    10 |    92 |   150 ||   252
Evoke: Wand              |       |     3 |       |       ||     3
       Phantom mirror    |       |       |       |     1 ||     1
  Use: Scroll            |     2 |     5 |    13 |     4 ||    24
 Stab: Sleeping          |     2 |     6 |     3 |     3 ||    14
Armor: Robe              |    68 |   113 |    76 |   143 ||   400
Dodge: Dodged            |    82 |   154 |   155 |   308 ||   699
